 Dungeon Crawl Stone Soup version 0.28.0-53-g5a82cb258f (webtiles) character file.

Game seed: 5237353371873299558

1935 DildoBatman the Magician (level 9, -6/50 (68) HPs)
             Began as a Formicid Conjurer on May 22, 2022.
             Shot with a sling bullet by Joseph (23 damage)
             ... on level 7 of the Dungeon.
             The game lasted 00:25:53 (7850 turns).

DildoBatman the Magician (Formicid Conjurer)        Turns: 7850, Time: 00:25:54

HP:   -6/50 (68)    AC:  9    Str: 12    XL:     9   Next: 40%
MP:   19/19         EV: 11    Int: 18    God:
Gold: 203           SH:  5    Dex: 13    Spells: 19/22 levels left

rFire   + . .      SeeInvis +   a - +4 dagger (elec)
rCold   + . .      Faith    .   s - +0 buckler
rNeg    . . .      Spirit   .   E - +1 robe {rC+ rF+}
rPois   .          Reflect  .   (helmet unavailable)
rElec   .          Harm     .   m - +0 cloak
rCorr   .          Rampage  .   y - +2 pair of gloves
Will    .....                   b - +0 pair of boots
Stlth   ++........              (no amulet)
HPRegen 0.16/turn               (no ring)
MPRegen 0.16/turn               (no ring)

@: very heavily drained
A: permanent stasis, dig shafts and tunnels, antennae 3, four strong arms
a: Dig, Shaft Self


You were on level 7 of the Dungeon.
You visited 2 branches of the dungeon, and saw 9 of its levels.

You collected 323 gold pieces.
You spent 120 gold pieces at shops.

Inventory:

Hand Weapons
 a - a +4 dagger of electrocution (weapon)
 d - a +2 spear of flaming
 e - a +2 vorpal spear
Missiles
 c - 57 sling bullets
 f - 7 javelins
 g - 278 stones
 h - 12 poisoned darts
 i - 2 boomerangs
 A - 50 bolts
 C - 60 arrows
Armour
 b - a +0 pair of boots (worn)
 m - a +0 cloak (worn)
 s - a +0 buckler (worn)
 y - a +2 pair of gloves (worn)
 E - a +1 robe of resistance (worn)
Jewellery
 x - a ring of fire
Wands
 t - a wand of polymorph (13)
 H - a wand of paralysis (10)
Scrolls
 k - 3 scrolls of enchant weapon
 l - a scroll of summoning
 n - a scroll of fear
 u - a scroll of enchant armour
 w - 2 scrolls of immolation
 z - 3 scrolls of identify
 B - a scroll of silence
 F - a scroll of fog
Potions
 j - a potion of curing {unknown}
 o - a potion of brilliance {unknown}
 p - a potion of cancellation {unknown}
 q - 2 potions of mutation {unknown}
 r - a potion of attraction {unknown}
 v - a potion of haste {unknown}
 D - a potion of degeneration {unknown}
 G - a potion of ambrosia {unknown}
 I - a potion of magic {unknown}


   Skills:
 - Level 5.0 Fighting
 - Level 5.0 Armour
 - Level 1.7 Dodging
 - Level 2.4 Stealth
 * Level 5.1 Shields
 - Level 7.0 Spellcasting
 - Level 6.0 Conjurations


You had 19 spell levels left.
You knew the following spells:

 Your Spells              Type           Power      Damage    Failure   Level
a - Searing Ray           Conj           54%        2d6       1%          2
c - Magic Dart            Conj           100%       1d8       1%          1

Your spell library contained the following spells:

 Spells                   Type           Power      Damage    Failure   Level
 Dazzling Flash           Conj/Hex       34%        N/A       11%         3
 Beastly Appendage        Tmut           12%        N/A       13%         1
 Wereblood                Tmut           6%         N/A       19%         2
 Spider Form              Tmut/Pois      6%         N/A       36%         3
 Fulminant Prism          Conj/Hex       8%         3d7       36%         4
 Iskenderun's Mystic Bla  Conj/Tloc      17%        2d5       36%         4


Dungeon Overview and Level Annotations

Branches:
Dungeon (8/15)             Temple (1/1) D:4
   Lair: D:8-11

Altars:
Ashenzari
Cheibriados
Dithmenos
Elyvilon
Gozag
Hepliaklqana
Nemelex Xobeh
Okawaru
Qazlal
Ru
Sif Muna
Trog
Uskayaw
Wu Jian
Xom
Yredelemnul
Zin
The Shining One

Shops:
D:5 ?   D:7 *=*

Annotations:
D:1 Jessica
D:2 Terence
D:4 exclusions: ogre and phantom, Grinder, Prince Ribbit
D:5 1 runed translucent door, 1 exclusion, NEEDEDCRAB's ghost, amateur OgFi
D:7 exclusions: hornet, sky beast and 2 more exclusions, Joseph; Maggie; Maurice
D:8 exclusions: centaur warrior, killer bee, shadow, two-headed ogre and 1 more exclusion


Innate Abilities, Weirdness & Mutations

You cannot be hasted, slowed, berserked, paralysed or teleported.
You can dig through walls and to a lower floor.
You have a pair of large antennae on your head. (SInv)
Your four strong arms can wield two-handed weapons with a shield.


Message History

You feel drained.
You break out of your daze!
Joseph shoots a sling bullet.
You block the sling bullet.
You retract your mandibles.
Maggie zaps a wand.
You easily resist.
Joseph shoots a sling bullet.
The sling bullet hits you!! Maggie gestures at you while chanting.
The bolt of fire misses you.
Joseph shoots a sling bullet.
The sling bullet barely misses you. Maggie gestures at you while chanting.
The bolt of fire misses you.
Maggie zaps a wand.
You easily resist.
You extend your mandibles.
You dig through the rock wall.
You feel drained.
You retract your mandibles.
You extend your mandibles.
You dig through the rock wall.
You feel drained.
You retract your mandibles.
Joseph shoots a sling bullet.
You block the sling bullet.
You extend your mandibles.
You dig through the rock wall.
You feel drained.
You retract your mandibles.
Joseph shoots a sling bullet.
You block the sling bullet.
Joseph shoots a sling bullet.
The sling bullet misses you.
Joseph shoots a sling bullet.
You block the sling bullet.
Joseph shoots a sling bullet.
The sling bullet hits you!!
You die...

...#.#.......#.#..{..........##
####.#....##<#)#.##.###.###.##
.....#....##.#.#@###@##.....#
####)#....##.#.#.# #........#
..........##.#.#.# #)########
.............#.#.# #.#
..........####.#.# #.#
..........# #.#.###.#
########### #.#@....#
###.####### #.....# #####.# #.#
#.# #.# #.# ############# #.#


You could see Joseph.

Vanquished Creatures
  A water moccasin (D:8)
  A necrophage (D:6)
  2 ice beasts
  An ogre (D:5)
  2 phantoms
  3 scorpions
  A water moccasin skeleton (D:5)
  4 wights (D:7)
  4 howler monkeys (D:7)
  A centaur zombie (D:8)
  6 hounds
  2 jellies (D:6)
  2 centaur skeletons
  An orc priest (D:8)
  2 bullfrog skeletons (D:5)
  4 orc wizards
  A scorpion zombie (D:5)
  A killer bee zombie (D:8)
  A howler monkey zombie (D:7)
  4 adders
  3 gnolls (D:6)
  2 shadow imps
  An ufetubus (D:7)
  4 worms
  5 dart slugs
  14 orcs
  6 bats
  3 endoplasms
  6 giant cockroaches
  4 goblins
  4 hobgoblins
  9 jackals
  4 quokkas
  3 ball pythons
  3 frilled lizards
  7 kobolds
  11 rats
  A bush (D:3)
134 creatures vanquished.

Vanquished Creatures (others)
  16 plants
16 creatures vanquished.

Grand Total: 150 creatures vanquished

Notes
Turn   | Place    | Note
-------+----------+-------------------------------------------
     0 | D:1      | DildoBatman the Formicid Conjurer began the quest for the
                  | Orb.
     0 | D:1      | Reached XP level 1. HP: 13/13 MP: 3/3
   183 | D:1      | Found a faded altar of an unknown god.
   409 | D:1      | Reached XP level 2. HP: 19/19 MP: 3/5
   421 | D:1      | Learned a level 2 spell: Searing Ray
   941 | D:2      | Noticed Terence
   975 | D:2      | Reached XP level 3. HP: 24/24 MP: 2/6
  1021 | D:2      | Found a white marble altar of Elyvilon.
  1116 | D:2      | Reached XP level 4. HP: 28/30 MP: 2/7
  1185 | D:2      | Reached skill level 5 in Conjurations
  1541 | D:3      | Found a glowing silver altar of Zin.
  1699 | D:3      | Noticed Jessica
  2018 | D:3      | Reached skill level 1 in Shields
  2018 | D:3      | Reached XP level 5. HP: 34/35 MP: 0/8
  2854 | D:4      | Noticed an ogre
  2979 | D:4      | Reached XP level 6. HP: 9/42 MP: 0/9
  3254 | D:5      | Entered Level 5 of the Dungeon
  3284 | D:5      | You fall into a shaft and drop 2 floors!
  3294 | D:7      | Reached skill level 1 in Fighting
  3294 | D:7      | Reached skill level 1 in Armour
  3419 | D:7      | Found Juruf's Elemental Accessories.
  3448 | D:7      | Noticed a sky beast
  3545 | D:7      | Found Dayzoys's Assorted Antiques.
  3552 | D:7      | Found Kofotrune's Jewellery Emporium.
  3620 | D:7      | Reached XP level 7. HP: 34/49 MP: 3/11
  3772 | D:7      | Reached skill level 3 in Spellcasting
  3922 | D:7      | Reached skill level 4 in Spellcasting
  4221 | D:7      | Noticed a hornet
  4250 | D:7      | Reached skill level 5 in Spellcasting
  4272 | D:7      | Reached XP level 8. HP: 46/56 MP: 4/15
  4535 | D:7      | Reached skill level 6 in Spellcasting
  4589 | D:7      | Found a shadowy altar of Dithmenos.
  4726 | D:7      | Found a basalt altar of Yredelemnul.
  4900 | D:7      | Noticed Maggie
  5059 | D:6      | Found a bloodstained altar of Trog.
  5184 | D:5      | Reached skill level 7 in Spellcasting
  5263 | D:5      | Noticed Prince Ribbit
  5446 | D:5      | Found Toinar's Magic Scroll Shoppe.
  5451 | D:5      | Bought a scroll of identify for 30 gold pieces
  5451 | D:5      | Bought a scroll of identify for 30 gold pieces
  5451 | D:5      | Bought a scroll of identify for 30 gold pieces
  5451 | D:5      | Bought a scroll of fog for 30 gold pieces
  5484 | D:4      | Noticed Grinder
  5601 | D:5      | Reached XP level 9. HP: 65/65 MP: 10/19
  5619 | D:5      | Found a runed translucent door.
  5625 | D:5      | Noticed NEEDEDCRAB's ghost (amateur OgFi)
  6361 | D:6      | Found an iron altar of Okawaru.
  6529 | D:4      | Found a staircase to the Ecumenical Temple.
  6539 | Temple   | Entered the Ecumenical Temple
  6972 | D:8      | Noticed Maurice
  7066 | D:8      | Reached skill level 5 in Fighting
  7066 | D:8      | Reached skill level 5 in Armour
  7102 | D:8      | Noticed a two-headed ogre
  7138 | D:8      | Noticed a centaur warrior
  7547 | D:8      | Reached skill level 5 in Shields
  7787 | D:8      | Noticed Joseph
  7850 | D:7      | Shot with a sling bullet by Joseph

Illustrated notes

Levels and vault maps discovered:
D:1:      dpeg_arrival_rhombi, layout_loops_corners, basic_ecumenical_altar
D:2:      layout_rooms, basic_altar, chequers_big_river, uniq_terence
D:3:      layout_loops_corners, zin_statuary, lexackson_kobold_supper,
          uniq_jessica
D:4:      layout_basic, minmay_temple_entry_enclosed_plants,
          serial_bayou_lagoon_a, uniq_grinder
D:5:      layout_cave_pods, ebering_ghost_inner_flame, serial_shops,
          nicolae_shop_hallway_stairs, uniq_prince_ribbit1
D:6:      layout_rooms, old_standard_altar, okawaru_gym_becter,
          chequers_serial_rivers_marsh
D:7:      layout_basic, mainiacjoe_overflow_paths, grunt_dithmenos_shadows,
          nicolae_wooded_promenade, st_stairs_2, nicolae_elemental_shop,
          uniq_maggie
D:8:      layout_rooms, fedhas_altar_3, serial_co_window_serial,
          co_window_corner_a, co_window_corner_a, co_window_paths_b,
          co_window_paths_b, co_window_of_opportunity_a, co_window_paths_b,
          co_window_paths_a, co_window_corner_a, co_window_paths_b,
          co_window_corner_cb, co_window_paths_c, co_window_corner_ca,
          co_window_corner_cb, co_window_unsneaky_path_c, glass_columns_a,
          glass_columns_b, uniq_joseph, uniq_maurice
Temple:   oiseaux_autumnal_temple

Skill      XL: |  1  2  3  4  5  6  7  8  9 |
---------------+----------------------------+-----
Conjurations   | 4 5 6 |  6.0
Shields        | 1 2 3 5 |  5.1
Fighting       | 1 2 4 5 |  5.0
Armour         | 1 2 4 5 |  5.0
Spellcasting   | 5 7 |  7.0
Dodging        | |  1.7
Stealth        | |  2.4

Action                   |  1- 3 |  4- 6 |  7- 9 || total
-------------------------+-------+-------+-------++-------
Melee: Unarmed           |     4 |       |       ||     4
       Spear             |    35 |    15 |       ||    50
       Dagger            |       |    95 |    58 ||   153
 Cast: Magic Dart        |    16 |    23 |    65 ||   104
       Searing Ray       |     5 |    16 |    34 ||    55
 Abil: Dig               |       |     3 |    11 ||    14
  Use: Scroll            |       |     3 |     7 ||    10
 Stab: Sleeping          |     1 |     3 |       ||     4
Armor: Robe              |     7 |    28 |    64 ||    99
Dodge: Dodged            |    27 |    57 |    81 ||   165
Block: Buckler           |       |    13 |    27 ||    40
